MLB
SAN FRANCISCO GIANTS @ SAN DIEGO PADRES
04/10/2020
 
TOP OF THE 1ST
San Francisco Giants batting - Pitching for San Diego Padres : RHP Spencer Turnbull
Pitching: RHP Spencer Turnbull
Batting: LHB Cavan Biggio 0-0: Ball
1-0: Ball
2-0: Ball
3-0: Called Strike
3-1: Base on Balls
Batting: RHB Yairo Munoz 0-0: SINGLE (Groundball, 5S, EV 70.0 MPH) (infield hit)
Cavan Biggio to second
Batting: RHB Tim Anderson 0-0: Called Strike
0-1: Ground out 5-3 (Groundball, 5S, EV 66.3 MPH)
Cavan Biggio to third
Yairo Munoz to second
Batting: RHB Hunter Dozier 0-0: Ball
1-0: Ball
2-0: Called Strike
2-1: Called Strike
2-2: Strikes out swinging
Batting: RHB Travis d'Arnaud 0-0: Ball
1-0: SINGLE (Flyball, 34D, EV 85.0 MPH)
Cavan Biggio scores
Yairo Munoz to third
Runner from 3rd tries for Home, SAFE, throw by RF to home
Batting: SHB Dexter Fowler 0-0: Called Strike
0-1: Ball
1-1: Ball
2-1: Foul Ball, location: 2F
2-2: Strikes out looking
Top of the 1st over - 2 runs, 2 hits, 0 errors, 1 left on base; San Francisco 2 - San Diego 0
BOTTOM OF THE 1ST
San Diego Padres batting - Pitching for San Francisco Giants : LHP Nestor Cortes
Pitching: LHP Nestor Cortes
Batting: SHB Carlos Santana 0-0: Foul Ball, location: 2F
0-1: Foul Ball, location: 2F
0-2: Ball
1-2: Ball
2-2: Ball
3-2: Fly out, F8 (Flyball, 8LS, EV 86.3 MPH)
Batting: RHB Jose Altuve 0-0: Called Strike
0-1: Ground out 6-3 (Groundball, 6MS, EV 80.0 MPH)
Batting: RHB Josh Donaldson 0-0: Ball
1-0: Foul Ball, location: 2F
1-1: Ball
2-1: Ball
3-1: Foul Ball, location: 2F
3-2: Ground out 5-3 (Groundball, 56, EV 105.6 MPH)
Bottom of the 1st over - 0 runs, 0 hits, 0 errors, 0 left on base; San Francisco 2 - San Diego 0
TOP OF THE 2ND
San Francisco Giants batting - Pitching for San Diego Padres : RHP Spencer Turnbull
Batting: RHB Austin Slater 0-0: Ball
1-0: Fly out, F7 (Line Drive, 7, EV 90.6 MPH)
Batting: LHB Steven Duggar 0-0: Called Strike
0-1: Ball
1-1: Foul Ball, location: 2F
1-2: Hit by Pitch
Batting: RHB Nestor Cortes 0-0: Sac Bunt to 15 - play at first, batter OUT! 1-4
Steven Duggar to second
Batting: LHB Cavan Biggio 0-0: Called Strike
0-1: Ball
1-1: Ball
2-1: Foul Ball, location: 2F
2-2: Foul Ball, location: 2F
2-2: Ground out 4-3 (Groundball, 4MS, EV 60.6 MPH)
Top of the 2nd over - 0 runs, 0 hits, 0 errors, 1 left on base; San Francisco 2 - San Diego 0
BOTTOM OF THE 2ND
San Diego Padres batting - Pitching for San Francisco Giants : LHP Nestor Cortes
Batting: RHB Hunter Renfroe 0-0: Ball
1-0: Ball
2-0: Swinging Strike
2-1: Foul Ball, location: 2F
2-2: Foul Ball, location: 2F
2-2: Strikes out swinging
Batting: RHB Amed Rosario 0-0: Foul Ball, location: 2F
0-1: Fly out, F8 (Flyball, 8LM, EV 85.6 MPH)
Batting: RHB Yadier Molina 0-0: SINGLE (Flyball, 6D, EV 88.8 MPH)
Batting: RHB Adam Duvall 0-0: Called Strike
0-1: Called Strike
0-2: Foul Ball, location: 2F
0-2: Foul Ball, location: 2F
0-2: Ball
1-2: Fly out, F7 (Line Drive, 7, EV 95.0 MPH)
Bottom of the 2nd over - 0 runs, 1 hit, 0 errors, 1 left on base; San Francisco 2 - San Diego 0
TOP OF THE 3RD
San Francisco Giants batting - Pitching for San Diego Padres : RHP Spencer Turnbull
Batting: RHB Yairo Munoz 0-0: Fly out, F8 (Flyball, 8LS, EV 76.9 MPH)
Batting: RHB Tim Anderson 0-0: Ball
1-0: DOUBLE (Flyball, 78XD, EV 98.1 MPH)
Batting: RHB Hunter Dozier 0-0: Ball
1-0: Foul Ball, location: 2F
1-1: Called Strike
1-2: Strikes out swinging
Batting: RHB Travis d'Arnaud 0-0: Fly out, F5 (Flyball, 5D, EV 73.8 MPH)
Top of the 3rd over - 0 runs, 1 hit, 0 errors, 1 left on base; San Francisco 2 - San Diego 0
BOTTOM OF THE 3RD
San Diego Padres batting - Pitching for San Francisco Giants : LHP Nestor Cortes
Batting: RHB Lorenzo Cain 0-0: Ground out 5-3 (Groundball, 56, EV 106.9 MPH)
Batting: RHB Spencer Turnbull 0-0: Ball
1-0: Called Strike
1-1: Ground out 5-3 (Groundball, 56, EV 83.1 MPH)
Batting: SHB Carlos Santana 0-0: Fly out, F9 (Flyball, 9, EV 91.9 MPH)
Bottom of the 3rd over - 0 runs, 0 hits, 0 errors, 0 left on base; San Francisco 2 - San Diego 0
TOP OF THE 4TH
San Francisco Giants batting - Pitching for San Diego Padres : RHP Spencer Turnbull
Batting: SHB Dexter Fowler 0-0: Ball
1-0: Ball
2-0: Foul Ball, location: 2F
2-1: Foul Ball, location: 2F
2-2: Ball
3-2: SINGLE (Flyball, 9LS, EV 98.1 MPH)
Batting: RHB Austin Slater 0-0: Foul Ball, location: 2F
0-1: Swinging Strike
0-2: Foul Ball, location: 2F
0-2: Foul Ball, location: 2F
0-2: Strikes out swinging
Batting: LHB Steven Duggar 0-0: Ball
1-0: Fielders Choice at 2nd, 4-6 (Groundball, 4S, EV 90.6 MPH)
Pinch Hitting: LHB Travis Jankowski 0-0: Ball
1-0: Ball
2-0: Foul Ball, location: 2F
2-1: Ball
Steven Duggar is caught stealing 2nd base 2-6
Top of the 4th over - 0 runs, 1 hit, 0 errors, 0 left on base; San Francisco 2 - San Diego 0
BOTTOM OF THE 4TH
San Diego Padres batting - Pitching for San Francisco Giants :
Pitching: RHP Codi Heuer
Now in LF: Travis Jankowski
Batting: RHB Jose Altuve 0-0: Called Strike
0-1: Foul Ball, location: 2F
0-2: Ball
1-2: Foul Ball, location: 2F
1-2: Ground out 1-3 (Groundball, 13S, EV 68.1 MPH)
Batting: RHB Josh Donaldson 0-0: Foul Ball, location: 2F
0-1: Ball
1-1: Called Strike
1-2: Foul Ball, location: 2F
1-2: Strikes out looking
Batting: RHB Hunter Renfroe 0-0: Ball
1-0: Called Strike
1-1: Foul Ball, location: 2F
1-2: Foul Ball, location: 2F
1-2: Fly out, F7 (Line Drive, 7, EV 90.0 MPH)
Bottom of the 4th over - 0 runs, 0 hits, 0 errors, 0 left on base; San Francisco 2 - San Diego 0
TOP OF THE 5TH
San Francisco Giants batting - Pitching for San Diego Padres : RHP Spencer Turnbull
Batting: LHB Travis Jankowski 0-0: Ball
1-0: Ball
2-0: SINGLE (Line Drive, 8LS, EV 95.6 MPH)
Batting: LHB Cavan Biggio 0-0: Ball
1-0: Hit by Pitch
Travis Jankowski to second
Pinch Runner at 1st Kevin Padlo:
Batting: RHB Yairo Munoz 0-0: Ball
Travis Jankowski steals 3rd base
1-0: Swinging Strike
1-1: Ball
2-1: Foul Ball, location: 2F
2-2: 3-RUN HOME RUN (Flyball, 78XD, EV 103.1 MPH), Distance : 425 ft
Pitching: LHP Scott Alexander
Batting: RHB Tim Anderson 0-0: Called Strike
0-1: Swinging Strike
0-2: Ball
1-2: Strikes out looking
Batting: RHB Hunter Dozier 0-0: Ball
1-0: Swinging Strike
1-1: Ball
2-1: Foul Ball, location: 2F
2-2: Foul Ball, location: 2F
2-2: Strikes out looking
Batting: RHB Travis d'Arnaud 0-0: Ball
1-0: Foul Ball, location: 2F
1-1: Called Strike
1-2: Ground out 4-3 (Groundball, 4, EV 101.3 MPH)
Top of the 5th over - 3 runs, 2 hits, 0 errors, 0 left on base; San Francisco 5 - San Diego 0
BOTTOM OF THE 5TH
San Diego Padres batting - Pitching for San Francisco Giants : RHP Codi Heuer
Now at 2B: Jamie Westbrook
Batting: RHB Amed Rosario 0-0: Ball
1-0: Ball
2-0: Fly out, F9 (Flyball, 89D, EV 72.5 MPH)
Batting: RHB Yadier Molina 0-0: Swinging Strike
0-1: Ball
1-1: Foul Ball, location: 2F
1-2: Ball
2-2: Ball
3-2: SINGLE (Groundball, 56D, EV 96.3 MPH)
Batting: RHB Adam Duvall 0-0: Fly out, F9 (Flyball, 89M, EV 86.9 MPH)
Batting: RHB Lorenzo Cain 0-0: Ball
1-0: Foul Ball, location: 2F
1-1: Called Strike
1-2: Ball
2-2: Strikes out swinging
Bottom of the 5th over - 0 runs, 1 hit, 0 errors, 1 left on base; San Francisco 5 - San Diego 0
TOP OF THE 6TH
San Francisco Giants batting - Pitching for San Diego Padres : LHP Scott Alexander
Batting: SHB Dexter Fowler 0-0: Called Strike
0-1: SINGLE (Groundball, 34D, EV 105.6 MPH)
Pinch Hitting: RHB David Bote 0-0: Swinging Strike
0-1: Ball
1-1: Ball
2-1: Foul Ball, location: 2F
2-2: Ball
Dexter Fowler steals 2nd base
3-2: Base on Balls
Pitching: RHP Cam Bedrosian
Batting: LHB Steven Duggar 0-0: Swinging Strike
0-1: Ball
1-1: Fielders Choice at 2nd, 4-6 (Groundball, 4, EV 103.1 MPH)
Dexter Fowler to third
Batting: LHB Travis Jankowski 0-0: Ball
1-0: Called Strike
1-1: Grounds into double play, 6-4-3 (Groundball, 6, EV 105.6 MPH)
Top of the 6th over - 0 runs, 1 hit, 0 errors, 1 left on base; San Francisco 5 - San Diego 0
BOTTOM OF THE 6TH
San Diego Padres batting - Pitching for San Francisco Giants : RHP Codi Heuer
Pitching: LHP Rob Kaminsky
Pinch Hitting: LHB Brian Goodwin 0-0: Called Strike
0-1: Ball
1-1: Ball
2-1: Called Strike
2-2: Ball
3-2: Strikes out swinging
Batting: SHB Carlos Santana 0-0: Ball
1-0: Foul Ball, location: 2F
1-1: Ball
2-1: Swinging Strike
2-2: Ball
3-2: Base on Balls
Batting: RHB Jose Altuve 0-0: Called Strike
0-1: Foul Ball, location: 2F
0-2: Strikes out swinging
Pitching: RHP Chris Devenski
Batting: RHB Josh Donaldson 0-0: Called Strike
0-1: Swinging Strike
0-2: Ball
1-2: Fielders Choice at 2nd, 6-4 (Groundball, 6, EV 90.0 MPH)
Bottom of the 6th over - 0 runs, 0 hits, 0 errors, 1 left on base; San Francisco 5 - San Diego 0
TOP OF THE 7TH
San Francisco Giants batting - Pitching for San Diego Padres : RHP Cam Bedrosian
Pitching: RHP Wander Suero
Batting: RHB Jamie Westbrook 0-0: Called Strike
0-1: Fly out, F6 (Popup, 4MS, EV 71.3 MPH)
Batting: RHB Yairo Munoz 0-0: Fly out, F8 (Flyball, 8RM, EV 84.4 MPH)
Batting: RHB Tim Anderson 0-0: Ball
1-0: SINGLE (Groundball, 34D, EV 108.1 MPH)
Batting: RHB Hunter Dozier 0-0: Ball
1-0: Ball
2-0: Called Strike
2-1: Ball
3-1: Called Strike
3-2: Foul Ball, location: 2F
3-2: Strikes out looking
Top of the 7th over - 0 runs, 1 hit, 0 errors, 1 left on base; San Francisco 5 - San Diego 0
BOTTOM OF THE 7TH
San Diego Padres batting - Pitching for San Francisco Giants : RHP Chris Devenski
Batting: RHB Hunter Renfroe 0-0: Ball
1-0: Swinging Strike
1-1: Swinging Strike
1-2: Strikes out swinging
Batting: RHB Amed Rosario 0-0: Swinging Strike
0-1: Ball
1-1: Fly out, F9 (Flyball, 9LM, EV 88.1 MPH)
Batting: RHB Yadier Molina 0-0: Ball
1-0: Swinging Strike
1-1: SINGLE (Groundball, 15S, EV 69.4 MPH) (infield hit)
Batting: RHB Adam Duvall 0-0: Called Strike
0-1: Ball
1-1: Ground out 5-3 (Groundball, 56S, EV 80.0 MPH)
Bottom of the 7th over - 0 runs, 1 hit, 0 errors, 1 left on base; San Francisco 5 - San Diego 0
TOP OF THE 8TH
San Francisco Giants batting - Pitching for San Diego Padres : RHP Wander Suero
Batting: RHB Travis d'Arnaud 0-0: Called Strike
0-1: Ball
1-1: SINGLE (Groundball, 6D, EV 102.5 MPH)
Batting: SHB Dexter Fowler 0-0: Ball
1-0: Foul Ball, location: 2F
1-1: Foul Ball, location: 2F
1-2: Foul Ball, location: 2F
1-2: Ball
2-2: Ball
3-2: Strikes out swinging
Pinch Hitting: RHB Welington Castillo 0-0: Fly out, F7 (Flyball, 78M, EV 85.6 MPH)
Batting: LHB Steven Duggar 0-0: Ball
1-0: Ball
2-0: Called Strike
2-1: SINGLE (Line Drive, 34, EV 95.6 MPH)
Travis d'Arnaud to second
Runner from 2nd tries for 3rd, SAFE, throw by RF made to third
Pitching: RHP Jose Leclerc
Batting: LHB Travis Jankowski 0-0: Swinging Strike
0-1: Foul Ball, location: 2F
0-2: Foul Ball, location: 2F
0-2: Strikes out swinging
Top of the 8th over - 0 runs, 2 hits, 0 errors, 2 left on base; San Francisco 5 - San Diego 0
BOTTOM OF THE 8TH
San Diego Padres batting - Pitching for San Francisco Giants : RHP Chris Devenski
Pitching: LHP Sam Selman
Batting: RHB Lorenzo Cain 0-0: Called Strike
0-1: Foul Ball, location: 2F
0-2: Fly out, F8 (Flyball, 8LD, EV 98.8 MPH)
Pinch Hitting: SHB Johan Camargo 0-0: Ball
1-0: Ball
2-0: Called Strike
2-1: Ball
3-1: Base on Balls
Batting: SHB Carlos Santana 0-0: Ball
1-0: Foul Ball, location: 2F
1-1: Foul Ball, location: 2F
1-2: Strikes out swinging
Batting: RHB Jose Altuve 0-0: Ball
1-0: Foul Ball, location: 2F
1-1: Hit by Pitch
Johan Camargo to second
Batting: RHB Josh Donaldson 0-0: Called Strike
0-1: Ball
Wild Pitch!
Johan Camargo to third
Jose Altuve to second
1-1: Swinging Strike
1-2: Ball
2-2: Strikes out swinging
Bottom of the 8th over - 0 runs, 0 hits, 0 errors, 2 left on base; San Francisco 5 - San Diego 0
TOP OF THE 9TH
San Francisco Giants batting - Pitching for San Diego Padres : RHP Jose Leclerc
Pitching: RHP R.J. Alvarez
Batting: RHB Jamie Westbrook 0-0: Foul Ball, location: 2F
0-1: Swinging Strike
0-2: Strikes out swinging
Batting: RHB Yairo Munoz 0-0: Ball
1-0: Ball
2-0: Swinging Strike
2-1: Swinging Strike
2-2: Strikes out swinging
Batting: RHB Tim Anderson 0-0: Ball
1-0: Called Strike
1-1: Foul Ball, location: 2F
1-2: Strikes out swinging
Top of the 9th over - 0 runs, 0 hits, 0 errors, 0 left on base; San Francisco 5 - San Diego 0
BOTTOM OF THE 9TH
San Diego Padres batting - Pitching for San Francisco Giants : LHP Sam Selman
Batting: RHB Hunter Renfroe 0-0: Ball
1-0: Called Strike
1-1: Ball
2-1: DOUBLE (Flyball, 8RXD, EV 108.1 MPH)
Batting: RHB Amed Rosario 0-0: Called Strike
0-1: Ball
1-1: Ball
2-1: Foul Ball, location: 2F
2-2: SINGLE (Flyball, 8RS, EV 86.3 MPH)
Hunter Renfroe to third
Pitching: RHP Joe Kuzia
Batting: RHB Yadier Molina 0-0: Called Strike
0-1: SINGLE (Groundball, 56D, EV 100.6 MPH)
Hunter Renfroe scores
Amed Rosario to second
Batting: RHB Adam Duvall 0-0: Called Strike
0-1: Foul Ball, location: 2F
0-2: Ball
1-2: Foul Ball, location: 2F
1-2: Strikes out swinging
Batting: RHB Lorenzo Cain 0-0: Called Strike
0-1: Called Strike
0-2: Foul Ball, location: 2F
0-2: Foul Ball, location: 2F
0-2: Ball
1-2: Foul Ball, location: 2F
1-2: Ball
2-2: Foul Ball, location: 2F
2-2: Ball
3-2: Strikes out looking
Pinch Hitting: SHB Victor Caratini 0-0: Called Strike
0-1: Ground out 4-3 (Groundball, 34, EV 98.1 MPH)
Bottom of the 9th over - 1 run, 3 hits, 0 errors, 2 left on base; San Francisco 5 - San Diego 1
Sunday, May 31st, 2020 - OOTP Baseball 21.3 Build 54